 Dungeon Crawl Stone Soup version 0.18.1-8-gdd0e5ea (webtiles) character file.

9546 Gargoyl the Protected (level 11, -6/84 HPs)
             Began as a Demonspawn Abyssal Knight on May 24, 2016.
             Was the Champion of Lugonu.
             Killed from afar by Harold (10 damage)
             ... with a bolt of fire
             ... on level 10 of the Dungeon.
             The game lasted 00:30:18 (12026 turns).

Gargoyl the Protected (Demonspawn Abyssal Knight)  Turns: 12026, Time: 00:30:19

Health: -6/84      AC: 21    Str: 17    XL:     11   Next: 24%
Magic:  13/13      EV:  7    Int: 13    God:    Lugonu [******]
Gold:   342        SH:  0    Dex: 12    Spells: 0 memorised, 10 levels left

rFire  + . .     SeeInvis .     o - +1 war axe (chop)
rCold  . . .     Gourm    .     L - +0 plate armour
rNeg   . . .     Faith    .     (no shield)
rPois  +         Spirit   .     t - +1 hat
rElec  .         Dismiss  .     (no cloak)
rCorr  .         Reflect  .     d - +0 pair of gloves
SustAt .         Harm     .     n - +2 pair of boots
MR     .....                    (no amulet)
Stlth  ..........               (no ring)
                                g - ring of poison resistance

@: heavily drained, not resistant to hostile enchantments, extremely unstealthy
A: hooves 2, molten scales 1, fire resistance 1, ignite blood, spiny 1, flame
cloud immunity
a: Depart the Abyss, Bend Space, Banish, Corrupt, Enter the Abyss, Brand Weapon
With Distortion, Renounce Religion


You were on level 10 of the Dungeon.
You worshipped Lugonu.
Lugonu was exalted by your worship.
You were not hungry.

You visited 1 branch of the dungeon, and saw 10 of its levels.
You visited the Abyss 1 time.
You also visited: Sewer.

You collected 624 gold pieces.
You spent 282 gold pieces at shops.

Inventory:

Hand Weapons
 o - a +1 war axe of chopping (weapon)
 q - a cursed -1 flail
 E - a +3 spear
 F - a +0 battleaxe
 M - a +0 broad axe
Missiles
 x - 12 tomahawks (quivered)
 G - 7 javelins
Armour
 d - a +0 pair of gloves (worn)
 n - a +2 pair of boots (worn)
 t - a +1 hat (worn)
 L - a +0 plate armour (worn)
Jewellery
 g - a ring of poison resistance (left hand)
Wands
 l - a wand of teleportation (3/9)
 A - a wand of confusion (27/48)
 B - a wand of disintegration (7/24)
 C - a wand of disintegration (19/24)
 I - a wand of iceblast (5/15)
Scrolls
 b - 6 scrolls of identify
 y - 4 scrolls of remove curse
 H - 3 scrolls of magic mapping
Potions
 e - a potion of cancellation {unknown}
 f - a potion of ambrosia {unknown}
 h - 4 potions of curing {unknown}
 i - a potion of invisibility
 p - 2 potions of mutation {unknown}
 s - a potion of haste {unknown}
 u - 2 potions of might
 v - 2 potions of agility {unknown}
 w - a potion of flight {unknown}
 z - a potion of berserk rage {unknown}
 D - 2 potions of lignification {unknown}
Books
 a - a book of Beasts

   Spells                             Type                      Level
   a - Summon Butterflies             Summoning                    1
   b - Call Canine Familiar           Summoning                    3
   c - Summon Ice Beast               Ice/Summoning                4
   d - Summon Mana Viper              Hexes/Summoning              5
   e - Summon Hydra                   Summoning                    7
 r - a book of Burglary

   Spells                             Type                      Level
   a - Swiftness                      Charms/Air                   2
   b - Passwall                       Transmutation/Earth          2
   c - Passage of Golubria            Translocation                4
   d - Lee's Rapid Deconstruction     Earth                        5
   e - Darkness                       Hexes                        6
   f - Invisibility                   Hexes                        6
 K - a book of the Dragon

   Spells                             Type                      Level
   a - Flame Tongue                   Conjuration/Fire             1
   b - Cause Fear                     Hexes                        4
   c - Bolt of Fire                   Conjuration/Fire             6
   d - Dragon Form                    Transmutation                7
   e - Dragon's Call                  Summoning                    9
Comestibles
 c - 9 bread rations
 j - 4 meat rations
 k - 3 beef jerkies
 m - 10 slices of pizza


   Skills:
 + Level 7.5(6.1) Fighting
 + Level 6.7(5.3) Axes
 + Level 2.4(1.2) Throwing
 * Level 11.2(9.7) Armour
 + Level 6.6(5.2) Dodging
 + Level 2.0(0.8) Stealth
 + Level 2.7(1.5) Invocations
 + Level 0.4(0.0) Evocations


You had 10 spell levels left.
You didn't know any spells.

Dungeon Overview and Level Annotations

Branches:
Dungeon (10/15)            Temple (0/1) D:7             Orc (0/2) D:10
   Lair: D:8-11

Altars:
Ashenzari
Dithmenos
Kikubaaqudgha
Makhleb
Nemelex Xobeh
Okawaru
Pakellas
Qazlal
Sif Muna
Trog
Vehumet
Yredelemnul
Zin
The Shining One

Shops:
D:8 *   D:9 }

Annotations:
D:10 Harold, Nergalle


Innate Abilities, Weirdness & Mutations

You have hoof-like feet.
You are partially covered in molten scales (AC +1).
Your flesh is heat resistant.
Your demonic aura causes spilled blood to erupt in flames.
You are partially covered in sharp spines.
You are immune to clouds of flame.


Message History

Harold throws a throwing net.
The throwing net barely misses you.
You closely miss Nergalle.
Nergalle is almost dead.
Nergalle is engulfed in roaring flames.
Nergalle gestures at you while chanting.
Orcish apparitions take form around you.
Harold gestures at you while chanting. The bolt of fire hits you! You resist.
Harold throws a throwing net.
The throwing net barely misses you.
Things that are here:
a throwing net; 3 tomahawks Nergalle casts a spell at you.
The bolt of negative energy hits you!
You feel drained.
Ouch! That really hurt!
* * * LOW HITPOINT WARNING * * *
Nergalle casts a spell at you.
Orcish apparitions take form around you.
Harold casts a spell at you. The bolt of fire hits you! You resist.
You die...

#.#.# #.........# ..#.#
#.#.###.### ###.#######.#.#
.# ###.......#.†(###.## ..
...............#...#####.#
#####..............(.....
#.........(Z.......# .
#............##....##..
##..........@##........
#####.......Z....Z.......
###.....##...##...(o†......
#...######...##...))...###.
#.#######.........)........
..)...[....................
#########.............@.>..
#..................
#..................


You could see Harold, Nergalle, a spectral orc, a spectral orc warrior and a
spectral orc knight.

Vanquished Creatures
  A hill giant (D:7)
  A gargoyle (D:10)
  A troll (D:10)
  A vampire (D:9)
  A wraith (D:9)
  2 humans
  6 yaks (D:9)
  3 steam dragons
  A hippogriff (D:7)
  2 hungry ghosts
  A warg (D:10)
  2 water moccasins (D:9)
  2 ice beasts
  Purgy (Sewer)
  4 orc warriors
  4 phantoms
  4 eyes of draining
  5 ogres
  3 centaurs
  A big kobold (D:8)
  11 giant frogs
  3 scorpions
  6 killer bees (D:7)
  7 wights (D:7)
  2 howler monkeys (D:7)
  4 jellies
  8 crimson imps
  A giant frog zombie (D:7)
  A quasit (D:8)
  7 hounds
  2 giant frog skeletons
  12 orc priests
  11 orc wizards
  2 iguanas
  Jessica (D:2)
  A gnoll shaman (D:5)
  Natasha (thrice) (D:2)
  10 worker ants
  A killer bee zombie (D:9)
  4 sheep (D:7)
  A hound skeleton (D:10)
  2 howler monkey zombies (D:7)
  20 gnolls
  8 adders
  An ooze (D:3)
  An adder zombie (D:3)
  3 adder skeletons
  4 worms
  A dart slug (D:1)
  6 giant geckos
  51 orcs
  A ball python (D:1)
  16 bats
  7 giant cockroaches
  9 goblins
  14 hobgoblins
  15 jackals
  13 kobolds
  6 quokkas
  A giant cockroach zombie (D:5)
  12 giant newts
  A jackal skeleton (D:7)
  A quokka skeleton (D:5)
  6 rats
  A fungus (D:5)
344 creatures vanquished.

Vanquished Creatures (others)
  A human (D:2)
  3 orc wizards
  A fungus (D:5)
5 creatures vanquished.

Grand Total: 349 creatures vanquished

Notes
Turn   | Place    | Note
--------------------------------------------------------------
     0 | Abyss:1  | Gargoyl the Demonspawn Abyssal Knight began the quest for the Orb.
     0 | Abyss:1  | Reached XP level 1. HP: 18/18 MP: 2/2
    68 | Abyss:2  | Noticed an insubstantial wisp
    69 | Abyss:2  | Noticed an insubstantial wisp
    74 | Abyss:2  | Noticed a mana viper
    75 | D:1      | Escaped the Abyss
    88 | D:1      | Reached skill level 2 in Armour
    97 | D:1      | Reached * piety under Lugonu
   100 | D:1      | Reached skill level 1 in Dodging
   100 | D:1      | Gained mutation: You are partially covered in sharp spines. [demonic ancestry]
   100 | D:1      | Reached XP level 2. HP: 1/24 MP: 3/3
   560 | D:1      | Gained mutation: Your flesh is heat resistant. [demonic ancestry]
   560 | D:1      | Reached XP level 3. HP: 26/29 MP: 3/5
   954 | D:2      | Found a sparkling altar of Nemelex Xobeh.
   963 | D:2      | Noticed Jessica
   966 | D:2      | Killed Jessica
   966 | D:2      | Reached XP level 4. HP: 37/37 MP: 6/6
   972 | D:2      | Reached ** piety under Lugonu
   973 | D:2      | Found an ancient bone altar of Kikubaaqudgha.
  1273 | D:2      | Noticed Natasha
  1280 | D:2      | Killed Natasha
  1280 | D:2      | Gained mutation: You are partially covered in molten scales (AC +1). [demonic ancestry]
  1280 | D:2      | Reached XP level 5. HP: 42/42 MP: 7/7
  1444 | D:2      | Reached skill level 3 in Armour
  1451 | D:2      | Noticed Natasha
  1459 | D:2      | Killed Natasha
  1459 | D:2      | Reached skill level 1 in Stealth
  1520 | D:2      | Noticed a human
  1522 | D:2      | Killed a human
  1583 | D:2      | Noticed Natasha
  1587 | D:2      | Killed Natasha
  1636 | D:2      | Found an ancient bone altar of Kikubaaqudgha.
  1887 | D:3      | Reached *** piety under Lugonu
  2149 | D:3      | Gained mutation: You have large cloven feet. [demonic ancestry]
  2149 | D:3      | Reached XP level 6. HP: 49/49 MP: 8/8
  2201 | D:3      | Found a basalt altar of Yredelemnul.
  2243 | D:3      | Found an iron altar of Okawaru.
  2382 | D:3      | Found a bloodstained altar of Trog.
  2403 | D:3      | Reached skill level 4 in Armour
  2625 | D:4      | Found a glowing drain.
  2629 | Sewer    | Entered a sewer
  2651 | Sewer    | Noticed Purgy
  2661 | Sewer    | Killed Purgy
  2661 | Sewer    | Reached XP level 7. HP: 48/55 MP: 9/9
  2749 | D:4      | Found a deep blue altar of Sif Muna.
  2805 | D:4      | Reached **** piety under Lugonu
  3488 | D:4      | Found an oddly glowing altar of Pakellas.
  3614 | D:4      | Reached skill level 5 in Armour
  3881 | D:5      | Entered Level 5 of the Dungeon
  4018 | D:5      | Gained mutation: You are immune to clouds of flame. [demonic ancestry]
  4018 | D:5      | Reached XP level 8. HP: 59/61 MP: 10/10
  4106 | D:5      | Reached skill level 5 in Fighting
  4500 | D:5      | Reached skill level 6 in Armour
  4500 | D:5      | Reached skill level 5 in Dodging
  4652 | D:5      | Found a shadowy altar of Dithmenos.
  4896 | D:5      | Reached ***** piety under Lugonu
  5130 | D:5      | Reached skill level 1 in Throwing
  5699 | D:6      | Found a shattered altar of Ashenzari.
  6079 | D:6      | Reached XP level 9. HP: 68/68 MP: 11/11
  6125 | D:6      | Reached skill level 7 in Armour
  6415 | D:7      | Found a stormy altar of Qazlal.
  6592 | D:7      | Noticed a hill giant
  6796 | D:7      | Found a staircase to the Ecumenical Temple.
  6958 | D:7      | Reached skill level 8 in Armour
  7857 | D:7      | Found an iron altar of Okawaru.
  7863 | D:7      | Killed a hill giant
  7863 | D:7      | Reached skill level 5 in Axes
  7863 | D:7      | Reached skill level 9 in Armour
  7863 | D:7      | Gained mutation: Your demonic aura causes spilled blood to erupt in flames. [demonic ancestry]
  7863 | D:7      | Reached XP level 10. HP: 35/77 MP: 12/12
  8058 | D:7      | Found a glowing silver altar of Zin.
  8198 | D:8      | You fall through a shaft!
  8547 | D:8      | Found Syarrot's Assorted Antiques.
  8555 | D:8      | Bought a runed broad axe for 100 gold pieces
  8560 | D:8      | Found a burning altar of Makhleb.
  8560 | D:8      | Found a radiant altar of Vehumet.
  8728 | D:8      | Reached ****** piety under Lugonu
  8729 | D:8      | Reached skill level 10 in Armour
 10237 | D:9      | Found Weywi's Gadget Emporium.
 10245 | D:9      | Bought a plain deck of wonders for 182 gold pieces
 10394 | D:9      | Found a glowing golden altar of the Shining One.
 10863 | D:10     | Entered Level 10 of the Dungeon
 10933 | D:10     | Gained mutation: You have hoof-like feet. [demonic ancestry]
 10933 | D:10     | Reached XP level 11. HP: 80/84 MP: 10/13
 11430 | D:10     | Reached skill level 11 in Armour
 11998 | D:10     | Found a staircase to the Orcish Mines.
 12010 | D:10     | Noticed Nergalle
 12018 | D:10     | Noticed Harold
 12025 | D:10     | HP: 3/84 [Nergalle/bolt of negative energy (46)]
 12026 | D:10     | Killed from afar by Harold

Skill      XL: |  1  2  3  4  5  6  7  8  9 10 11 |
---------------+----------------------------------+-----
Armour         | 2 3 4 5 6 9 10 11 | 11.2
Axes           | 2 3 5 6 |  6.7
Dodging        | 1 2 3 4 5 6 |  6.6
Fighting       | 4 5 6 7 |  7.5
Stealth        | 1 2 |  2.0
Throwing       | 1 2 |  2.4
Invocations    | |  2.7
Evocations     | |  0.4

Action                   |  1- 3 |  4- 6 |  7- 9 | 10-12 || total
-------------------------+-------+-------+-------+-------++-------
Melee: Hand axe          |    46 |   121 |   174 |       ||   341
       Spear             |       |       |    12 |       ||    12
       War axe           |       |       |   147 |   283 ||   430
Throw: Tomahawk          |       |     3 |     9 |     1 ||    13
Invok: Depart the Abyss  |     1 |       |       |       ||     1
Evoke: Deck              |       |       |       |     4 ||     4
  Use: Scroll            |       |     7 |     8 |     5 ||    20
       Potion            |       |       |     4 |       ||     4
  Eat: Chunk             |       |     6 |    10 |     9 ||    25
       Fruit             |       |       |     5 |       ||     5
       Royal jelly       |       |       |     1 |     2 ||     3
       Meat ration       |       |       |       |     1 ||     1
       Beef jerky        |       |       |       |     1 ||     1
Armor: Leather armour    |    15 |       |       |       ||    15
       Ring mail         |     7 |       |       |       ||     7
       Scale mail        |       |    66 |    60 |       ||   126
       Chain mail        |       |       |   140 |   213 ||   353
       Plate armour      |       |       |       |    23 ||    23
Dodge: Dodged            |    46 |    58 |   194 |   184 ||   482
